 Dungeon Crawl Stone Soup version 0.22-a0-608-g8a62e23 (webtiles) character file.

126736 Amnesiac the Eclecticist (level 16, -6/91 HPs)
             Began as a Spriggan Earth Elementalist on July 9, 2018.
             Was an Elder of Ashenzari.
             Mangled by a spark wasp (19 damage)
             ... on level 3 of the Depths.
             The game lasted 01:25:12 (29692 turns).

Amnesiac the Eclecticist (SpEE)                    Turns: 29692, Time: 01:25:12

Health: -6/91      AC:  4    Str:  4    XL:     16   Next: 44%
Magic:  0/40       EV: 34    Int: 23    God:    Ashenzari [****..]
Gold:   1329       SH:  8    Dex: 17    Spells: 23/53 levels left

rFire    + . .     SeeInvis +   a - +2 dagger (venom)
rCold    + . .     Gourm    .   x - +0 buckler {reflect} (curse)
rNeg     + . .     Faith    .   v - +2 robe {rC+ rF+} (curse)
rPois    .         Spirit   +   (helmet restricted)
rElec    .         Reflect  +   u - scarf {Spirit} (curse)
rCorr    .         Harm     .   (gloves unavailable)
MR       ++...     Clarity  +   (boots unavailable)
Stlth    +++++.....             C - amulet of rage (curse)
HPRegen  0.25/turn              m - ring of flight (curse)
MPRegen  0.27/turn              A - ring of positive energy (curse)

@: very quick
A: very small, unfitting armour, see invisible, herbivore, speed 3, slow
metabolism 2
a: Curse Item, Scrying, Renounce Religion, Evoke Berserk Rage, Evoke Flight


You were on level 3 of the Depths.
You worshipped Ashenzari.
Ashenzari was greatly pleased with you.
You were full.

You visited 3 branches of the dungeon, and saw 19 of its levels.
You also visited: Ossuary and Bailey.

You collected 1611 gold pieces.
You spent 282 gold pieces at shops.

Inventory:

Hand Weapons
 a - a +2 dagger of venom (weapon)
 b - a +0 dagger of flaming
 w - a +0 blowgun
 M - the +9 heavy crossbow "Sniper" {velocity, Acc+∞ SInv}
   (You found it on level 2 of the Depths)

   Any bolt fired from it inflicts extra damage.
   It lets you see invisible.
Missiles
 D - 368 stones (quivered)
 E - 6 curare-tipped needles
 V - 69 bolts
Armour
 j - a scarf of resistance
 u - a cursed scarf of spirit shield (worn)
 v - a cursed +2 robe of resistance (worn)
 x - a cursed +0 buckler of reflection (worn)
Jewellery
 m - a cursed ring of flight (left hand)
 A - a cursed ring of positive energy (right hand)
 C - a cursed amulet of rage (around neck)
 T - the ring of New Discoveries {rC- MP+9 Int+7 Stlth+}
   (You found it on level 2 of the Depths)

   [ring of magical power]

   It affects your intelligence (+7).
   It makes you vulnerable to cold.
   It affects your magic capacity (+9).
   It makes you more stealthy.
Wands
 y - a wand of acid (12)
 G - a wand of flame (29)
 N - a wand of iceblast (21)
Scrolls
 e - 2 scrolls of magic mapping {!r}
 h - 5 scrolls of blinking {!r}
 o - 10 scrolls of remove curse {!r}
 r - 7 scrolls of teleportation {!r}
 s - 22 scrolls of identify {!r}
 B - 2 scrolls of fear {!r}
 I - 3 scrolls of enchant weapon {!r, unknown}
 L - a scroll of acquirement {!r, unknown}
 P - a scroll of brand weapon {!r, unknown}
 R - a scroll of vulnerability {!r, unknown}
Potions
 c - 3 potions of heal wounds {!q}
 f - 3 potions of magic {!q}
 g - 4 potions of agility {!q}
 i - 5 potions of curing {!q}
 k - 4 potions of might {!q}
 l - 3 potions of brilliance {!q}
 n - 3 potions of lignification {!q}
 p - 2 potions of ambrosia {!q}
 q - 3 potions of haste {!q}
 t - 6 potions of flight {!q}
 z - 2 potions of resistance {!q}
 F - 2 potions of cancellation {!q}
 J - a potion of experience {!q, unknown}
 K - a potion of invisibility {!q}
 Q - 2 potions of degeneration {!q, unknown}
 S - 3 potions of mutation {!q, unknown}
Miscellaneous
 H - a phantom mirror
 U - a phial of floods
Comestibles
 d - 10 rations


   Skills:
 - Level 13.0 Fighting
 - Level 8.0 Short Blades
 - Level 18.0(19.7) Dodging
 + Level 9.8(11.9) Stealth
 - Level 4.6(6.8) Shields
 - Level 19.1 Spellcasting
 - Level 6.1(9.6) Translocations
 - Level 6.1(9.6) Transmutations
 - Level 6.1(9.6) Earth Magic


You had 23 spell levels left.
You knew the following spells:

 Your Spells              Type           Power        Failure   Level  Hunger
a - Sandblast             Erth           ######       1%          1    None
b - Passwall              Tmut/Erth      ######..     1%          2    None
c - Mephitic Cloud        Conj/Pois/Air  ###.....     5%          3    None
d - Lee's Rapid Deconstr  Erth           ######....   1%          5    None
e - Petrify               Tmut/Erth      ######..     1%          4    None
f - Call Imp              Summ           ###.....     2%          2    None
g - Passage of Golubria   Tloc           N/A          1%          4    None
h - Force Lance           Conj/Tloc      #####...     2%          4    None
s - Conjure Flame         Conj/Fire      ###.....     5%          3    None
v - Blink                 Tloc           N/A          1%          2    None

Your spell library contained the following spells:

 Spells                   Type           Power        Failure   Level  Hunger
 Magic Dart               Conj           ###.         1%          1    None
 Fireball                 Conj/Fire      ###.......   45%         5    None
 Bolt of Fire             Conj/Fire      ###.......   95%         6    ###....
 Lightning Bolt           Conj/Air       ###.......   45%         5    None
 Slow                     Hex            ###.....     2%          2    None
 Freezing Cloud           Conj/Ice/Air   ###.......   95%         6    ###....
 Ring of Flames           Chrm/Fire      ###.......   100%        7    #####..
 Teleport Other           Tloc           ######..     1%          3    None
 Iskenderun's Mystic Bla  Conj           ###.....     19%         4    None
 Stone Arrow              Conj/Erth      #####.       1%          3    None
 Ignite Poison            Fire/Tmut/Pois #####...     1%          3    None
 Shatter                  Erth           ######....   100%        9    #######
 Static Discharge         Conj/Air       ###.....     5%          3    None
 Tornado                  Air            ###.......   100%        9    #######
 Shroud of Golubria       Chrm/Tloc      #####.....   1%          2    None
 Fulminant Prism          Conj/Hex       ###.......   19%         4    None
 Dazzling Spray           Conj/Hex       ###...       5%          3    None
 Searing Ray              Conj           ###...       2%          2    None
 Gell's Gravitas          Tloc           ######....   1%          3    None
 Lesser Beckoning         Tloc           ######....   1%          3    None
 Poisonous Vapours        Pois/Air       ###...       2%          2    None
 Ignition                 Fire           ###.......   100%        8    ######.


Dungeon Overview and Level Annotations

Branches:
Dungeon (15/15)            Temple (1/1) D:7            Lair (0/6) D:11
    Orc (0/2) D:12         Vaults (0/5) D:13         Depths (3/5) D:15

Altars:
Ashenzari
Cheibriados
Dithmenos
Elyvilon
Fedhas
Gozag
Hepliaklqana
Kikubaaqudgha
Makhleb
Nemelex Xobeh
Okawaru
Qazlal
Ru
Sif Muna
Trog
Uskayaw
Vehumet
Wu Jian
Xom
Yredelemnul
Zin
The Shining One

Shops:
D:5 [   D:9 (

Portals:
Hell: Depths:1 Depths:2 Depths:3
Abyss: Depths:3

Annotations:
D:6 2 exclusions
D:7 1 runed door


Innate Abilities, Weirdness & Mutations

You are very small and have problems with some larger weapons.
You are too small for most types of armour.
You have supernaturally acute eyesight. (SInv)
You are a herbivore.
You cover ground extremely quickly.
You need to consume almost no food.


Message History

Casting: Petrify (safe; 1% risk of failure)
Confirm with . or Enter, or press ? or * to list all spells.
Aiming: Passwall (safe; 1% risk of failure)
Press: ? - help, Dir - move target cursor A rock wall.
Okay, then.
Casting: Passwall (safe; 1% risk of failure)
Confirm with . or Enter, or press ? or * to list all spells.
Aiming: Passwall (safe; 1% risk of failure)
Press: ? - help, Dir - move target cursor A rock wall.
Okay, then.
Casting: Passwall (safe; 1% risk of failure)
Confirm with . or Enter, or press ? or * to list all spells.
Aiming: Passwall (safe; 1% risk of failure)
Press: ? - help, Dir - move target cursor A rock wall.
You begin to meditate on the wall.
You continue meditating on the rock. x5
You finish merging with the rock.
Found a potion of lignification.
A spark wasp comes into view.
The spark wasp buzzes angrily.
The spark wasp barely misses you.
Casting: Passwall (safe; 1% risk of failure)
Confirm with . or Enter, or press ? or * to list all spells.
Aiming: Petrify (safe; 1% risk of failure)
Press: ? - help, Shift-Dir - straight line, f - spark wasp
Aim: a spark wasp (chance to defeat MR: 61%)
The spark wasp resists with significant effort.
The spark wasp completely misses you.
A purple ugly thing comes into view.
Unknown command.
Casting: Petrify (safe; 1% risk of failure)
Confirm with . or Enter, or press ? or * to list all spells.
Aiming: Petrify (safe; 1% risk of failure)
Press: ? - help, Shift-Dir - straight line, f/p - spark wasp
Aim: a spark wasp (chance to defeat MR: 61%)
The spark wasp resists with significant effort.
The spark wasp completely misses you. You block the spark wasp's attack.
The spark wasp completely misses you. x2
Unknown command.
Casting: Petrify (safe; 1% risk of failure)
Confirm with . or Enter, or press ? or * to list all spells.
Aiming: Petrify (safe; 1% risk of failure)
Press: ? - help, Shift-Dir - straight line, f/p - spark wasp
Aim: a spark wasp (chance to defeat MR: 61%)
The spark wasp is moving more slowly.
The spark wasp stings you. The spark wasp shocks you!
The spark wasp stings you! The spark wasp shocks you!
Unknown command.
Casting: Petrify (safe; 1% risk of failure)
Confirm with . or Enter, or press ? or * to list all spells.
Aiming: Petrify (safe; 1% risk of failure)
Press: ? - help, Shift-Dir - straight line, f - spark wasp, p - spark wasp
Aim: a spark wasp (chance to defeat MR: 61%)
The spark wasp is moving more slowly.
The spark wasp stings you. The spark wasp shocks you!
* * * LOW HITPOINT WARNING * * *
You block the spark wasp's attack. The spark wasp stings you!!
* * * LOW HITPOINT WARNING * * *
The spark wasp shocks you!
* * * LOW HITPOINT WARNING * * *
The spark wasp stings you!!
You die...

*, , ,* , * * * * *. * *
* * * ** * * * * *#* ##*
############### , ,,..,
##. #.#............ ,
...##..* ##..#..........
, , ....∩..
##.#......>... , ,
.......### #.#....(.....
..!...y..####...........
, ,, ...u..y@..#
#..#........ , ,
,............#...........
, ,
........#..##...###.....
, ,...........##..##
##.... ,,,,
,...............# ###.. ,
, .#...##......### ##. ,
,,, *#..# #......# ## **
*.## ##.....# * #####.#


You could see a purple ugly thing and 2 spark wasps.

Vanquished Creatures
  3 tentacled monstrosities
  A lich (Depths:3)
  2 tengu reavers (Depths:2)
  3 fire giants (Depths:2)
  4 frost giants
  An orc warlord (Bailey)
  9 stone giants
  Azrael (D:14)
  2 spark wasps
  Snorg (D:12)
  3 ettins
  3 fire dragons
  2 yaktaur captains
  A merfolk impaler (Depths:1)
  Josephine (D:13)
  3 great orbs of eyes (Depths:2)
  6 rakshasas
  A hydra (D:10)
  3 ice dragons
  A hell beast (Depths:1)
  Fannar (D:11)
  8 centaur warriors
  A death knight (D:15)
  A spriggan air mage (Depths:1)
  15 two-headed ogres
  3 ogre magi
  A tengu warrior (Depths:1)
  A vampire mage (Depths:1)
  2 deep troll earth magi (Depths:2)
  3 deep troll shamans
  A sun demon (Depths:1)
  2 salamander mystics (Depths:1)
  8 skeletal warriors
  3 unseen horrors
  A glowing orange brain (Depths:1)
  8 deep trolls
  A flayed ghost (Depths:2)
  A hell knight (Depths:2)
  A sea snake (shapeshifter) (D:15)
  3 orc knights
  An orb spider (shapeshifter) (D:13)
  A lindwurm (shapeshifter) (D:15)
  A deep elf mage (D:10)
  3 ugly things
  6 salamanders (Depths:1)
  A manticore (shapeshifter) (Depths:2)
  5 manticores
  3 cyclopes
  A rust devil (Depths:1)
  A centaur zombie (D:10)
  Joseph (D:7)
  3 gargoyles
  4 yaktaurs
  A komodo dragon (D:15)
  A freezing wraith (D:15)
  A tengu conjurer (Depths:2)
  An efreet (D:15)
  2 meliai (shapeshifter)
  A troll (shapeshifter) (D:15)
  4 trolls
  A hornet (D:14)
  A blink frog (shapeshifter) (D:13)
  19 slime creatures
  A centaur simulacrum (D:15)
  3 hippogriffs
  A tarantella (shapeshifter) (Depths:2)
  8 wraiths
  8 redbacks (D:12)
  12 water elementals (Depths:1)
  A wyvern (D:10)
  6 fire elementals
  A hog (shapeshifter) (D:13)
  9 yaks
  3 hungry ghosts
  6 vampire mosquitoes
  A basilisk (shapeshifter) (D:15)
  Menkaure (D:7)
  A soldier ant (D:13)
  A soldier ant (shapeshifter) (D:15)
  3 acid dragons
  A hell hound (D:14)
  7 porcupines
  11 orc warriors
  A floating eye (shapeshifter) (Depths:2)
  The ghost of Eptagon the Sneak, an amateur SpEn of Dithmenos (D:3)
  5 ice beasts
  A sky beast (D:5)
  A black bear (D:11)
  A fire dragon simulacrum (Depths:1)
  3 phantoms
  A hornet zombie (D:10)
  An ogre (shapeshifter) (Depths:1)
  2 necrophages (D:11)
  A wolf (shapeshifter) (Depths:2)
  12 boggarts
  14 ogres
  15 centaurs
  16 bullfrogs
  An elf skeleton (D:13)
  7 scorpions
  13 wights
  7 crimson imps
  2 bullfrog zombies
  7 hounds
  4 human zombies (D:13)
  2 jellies
  5 orc priests
  A bullfrog skeleton (D:10)
  3 centaur skeletons
  A human skeleton (D:13)
  Jessica (D:3)
  An iguana (D:9)
  7 worker ants
  17 orc wizards
  7 big kobold zombies (Ossuary)
  An ogre zombie (D:13)
  A hound zombie (D:6)
  2 hound skeletons
  5 mummies
  17 adders
  2 gnolls (Bailey)
  4 shadow imps
  2 adder zombies
  A worm (D:2)
  2 leopard geckos
  34 orcs
  A spectral bat (Ossuary)
  2 ball pythons
  4 giant cockroaches
  5 goblins
  5 hobgoblins
  9 jackals
  5 quokkas
  10 bats
  4 bat simulacra (Ossuary)
  3 frilled lizards
  5 gnoll zombies (Ossuary)
  2 goblin simulacra (Ossuary)
  7 goblin zombies (Ossuary)
  4 hobgoblin zombies
  15 kobolds
  3 kobold simulacra (Ossuary)
  5 kobold zombies
  A leopard gecko skeleton (D:7)
  7 orc zombies
  6 rats
  2 rat simulacra (Ossuary)
  4 spectral goblins (Ossuary)
  A spectral kobold (Ossuary)
  4 spectral rats (Ossuary)
610 creatures vanquished.

Vanquished Creatures (others)
  A yaktaur (Depths:2)
  A slime creature (D:14)
  2 centaurs (Depths:2)
  A quokka (D:3)
  3 kobolds (Bailey)
  7 fungi
  23 plants (Depths:1)
38 creatures vanquished.

Grand Total: 648 creatures vanquished

Notes
Turn   | Place    | Note
-------+----------+-------------------------------------------
     0 | D:1      | Amnesiac the Spriggan Earth Elementalist began the quest for the Orb.
     0 | D:1      | Reached XP level 1. HP: 9/9 MP: 5/5
   405 | D:2      | Reached skill level 3 in Spellcasting
   405 | D:2      | Reached XP level 2. HP: 13/13 MP: 4/7
   576 | D:2      | Reached XP level 3. HP: 16/16 MP: 5/8
   584 | D:2      | Learned a level 2 spell: Passwall
   815 | D:3      | Found a transporter.
   815 | D:3      | Noticed Eptagon's ghost (amateur SpEn)
   819 | D:3      | Found a transporter.
   826 | D:3      | Reached XP level 4. HP: 21/21 MP: 7/10
   832 | D:3      | Learned a level 4 spell: Petrify
  1355 | D:4      | Reached XP level 5. HP: 17/24 MP: 6/11
  1568 | D:4      | Reached skill level 4 in Spellcasting
  1575 | D:4      | Noticed an ogre
  1799 | D:4      | Killed an ogre
  1799 | D:4      | Reached skill level 1 in Fighting
  1799 | D:4      | Reached skill level 1 in Short Blades
  1799 | D:4      | Reached XP level 6. HP: 29/30 MP: 5/13
  1806 | D:4      | Learned a level 5 spell: Lee's Rapid Deconstruction
  1978 | D:4      | Reached skill level 5 in Dodging
  2129 | D:5      | Entered Level 5 of the Dungeon
  2219 | D:5      | Found Miuret's Antique Armour Shop.
  2225 | D:5      | Bought a runed robe for 70 gold pieces
  2235 | D:5      | Bought a runed robe for 70 gold pieces
  2620 | D:5      | Reached XP level 7. HP: 33/33 MP: 6/14
  3342 | D:6      | Reached skill level 5 in Stealth
  3522 | D:6      | Reached XP level 8. HP: 32/39 MP: 10/15
  3606 | D:5      | Bought a glowing buckler for 142 gold pieces
  3662 | D:6      | Found a burning altar of Makhleb.
  4157 | D:7      | Reached skill level 1 in Shields
  4165 | D:7      | Found a staircase to the Ecumenical Temple.
  4194 | D:7      | Found a deep blue altar of Sif Muna.
  4227 | Temple   | Entered the Ecumenical Temple
  4421 | Temple   | Became a worshipper of Ashenzari the Shackled
  4885 | D:2      | Found a blossoming altar of Fedhas.
  5382 | D:3      | Noticed Jessica
  5387 | D:3      | Killed Jessica
  5580 | D:3      | Found a white marble altar of Elyvilon.
  6019 | D:3      | Found a faded altar of an unknown god.
  6019 | D:3      | Found a faded altar of an unknown god.
  6024 | D:3      | Found an opulent altar of Gozag.
  6026 | D:3      | Found a basalt altar of Yredelemnul.
  6028 | D:3      | Found an ancient bone altar of Kikubaaqudgha.
  6182 | D:3      | Learned a level 2 spell: Blink
  6185 | D:3      | Killed Eptagon's ghost
  6298 | D:7      | Reached * piety under Ashenzari
  6320 | D:7      | Noticed Joseph
  6993 | D:7      | Found a shadowy altar of Dithmenos.
  7058 | D:7      | Found a runed door.
  7144 | D:7      | Noticed Menkaure
  7156 | D:7      | Killed Menkaure
  7156 | D:7      | Reached skill level 5 in Spellcasting
  7162 | D:7      | Reached skill level 6 in Spellcasting
  7388 | D:7      | Killed Joseph
  7388 | D:7      | Reached skill level 7 in Spellcasting
  7388 | D:7      | Reached XP level 9. HP: 12/43 MP: 2/21
  7543 | D:7      | Learned a level 3 spell: Mephitic Cloud
  7547 | D:7      | Learned a level 3 spell: Conjure Flame
  7550 | D:7      | Learned a level 2 spell: Call Imp
  7693 | D:8      | Found a sand-covered staircase.
  7699 | Ossuary  | Entered an ossuary
  7936 | Ossuary  | Reached skill level 8 in Spellcasting
  8543 | D:8      | Reached skill level 9 in Spellcasting
  8671 | D:8      | Reached ** piety under Ashenzari
  9695 | D:9      | Found a shattered altar of Ashenzari.
  9728 | D:9      | Reached skill level 10 in Spellcasting
 10016 | D:9      | Reached skill level 11 in Spellcasting
 10173 | D:9      | Found Ruwopec's Weapon Boutique.
 10318 | D:10     | Entered Level 10 of the Dungeon
 10402 | D:10     | Reached XP level 10. HP: 39/47 MP: 4/26
 10416 | D:10     | Noticed a two-headed ogre
 10447 | D:10     | Reached skill level 12 in Spellcasting
 10569 | D:10     | Killed a two-headed ogre
 10569 | D:10     | Reached skill level 5 in Transmutations
 10569 | D:10     | Reached skill level 5 in Earth Magic
 10659 | D:10     | Reached *** piety under Ashenzari
 10926 | D:10     | Noticed a cyclops
 10936 | D:10     | Killed a cyclops
 10943 | D:10     | Noticed a brown ugly thing
 10944 | D:10     | Noticed a six-headed hydra
 10946 | D:10     | Reached skill level 5 in Short Blades
 11315 | D:10     | Noticed a deep elf mage
 11346 | D:10     | Killed a deep elf mage
 11389 | D:10     | Killed a brown ugly thing
 11594 | D:10     | Killed a six-headed hydra
 11659 | D:10     | Reached XP level 11. HP: 37/51 MP: 12/28
 11957 | D:11     | Noticed a two-headed ogre
 11972 | D:11     | Killed a two-headed ogre
 12010 | D:11     | Found a staircase to the Lair.
 12067 | D:11     | Reached skill level 13 in Spellcasting
 12148 | D:11     | Noticed Fannar
 12160 | D:11     | Killed Fannar
 12304 | D:11     | Reached skill level 14 in Spellcasting
 12840 | D:12     | Noticed an unseen horror
 12847 | D:12     | Killed an unseen horror
 12847 | D:12     | Reached skill level 15 in Spellcasting
 13085 | D:12     | Noticed Snorg
 13176 | D:12     | Reached XP level 12. HP: 43/56 MP: 0/32
 13280 | D:12     | Killed Snorg
 13280 | D:12     | Reached skill level 16 in Spellcasting
 13521 | D:12     | Reached **** piety under Ashenzari
 13564 | D:12     | Noticed a two-headed ogre
 13575 | D:12     | Killed a two-headed ogre
 13756 | D:12     | Learned a level 4 spell: Passage of Golubria
 13783 | D:12     | Found a staircase to the Orcish Mines.
 13842 | D:13     | Found a flagged portal.
 13863 | D:13     | Noticed a centaur warrior
 13868 | D:13     | Killed a centaur warrior
 13868 | D:13     | Reached skill level 17 in Spellcasting
 13946 | Bailey   | Entered a bailey
 13996 | Bailey   | Noticed an orc warlord
 13997 | Bailey   | Identified the amulet of Reimbursement {+Rage MP-9 Slay+5}
 14231 | Bailey   | Found a runed gate.
 14233 | Bailey   | Found a runed gate.
 14235 | Bailey   | Found a runed gate.
 14344 | Bailey   | Reached skill level 1 in Translocations
 14470 | Bailey   | Killed an orc warlord
 14548 | D:13     | Got the rapier "Bilud" {chaos, *Noise rElec rN+ Int+2}
 14589 | D:13     | Identified the amulet of Jola {Faith Fragile rC+ Int+4}
 14687 | D:13     | Found a gate to the Vaults.
 14697 | D:13     | Noticed a yaktaur captain
 14711 | D:13     | Killed a yaktaur captain
 14711 | D:13     | Reached skill level 5 in Translocations
 14874 | D:13     | Identified the +9 rapier "Bilud" {chaos, *Noise rElec rN+ Int+2} (You found it on level 13 of the Dungeon)
 14929 | D:13     | Reached skill level 18 in Spellcasting
 15026 | D:13     | Found an ancient bone altar of Kikubaaqudgha.
 15229 | D:13     | Noticed a two-headed ogre
 15272 | D:13     | Noticed Josephine
 15276 | D:13     | Killed Josephine
 15331 | D:13     | Killed a two-headed ogre
 15664 | D:14     | Noticed Azrael
 15666 | D:14     | Noticed a centaur warrior
 15672 | D:14     | Reached XP level 13. HP: 51/60 MP: 7/36
 16190 | D:14     | Killed Azrael
 16190 | D:14     | Reached skill level 10 in Dodging
 16730 | D:14     | Learned a level 4 spell: Force Lance
 16834 | D:14     | Found Zuxa Fufep's Book Shoppe.
 17140 | D:15     | Entered Level 15 of the Dungeon
 17621 | D:15     | Reached skill level 5 in Fighting
 18927 | D:15     | Reached XP level 14. HP: 70/70 MP: 32/37
 18946 | D:15     | Found a sacrificial altar of Ru.
 18971 | D:15     | Found a staircase to the Depths.
 19165 | D:15     | Reached skill level 15 in Dodging
 19400 | Depths:1 | Entered Level 1 of the Depths
 19407 | Depths:1 | Noticed a frost giant
 19433 | Depths:1 | Killed a frost giant
 19577 | Depths:1 | Noticed a stone giant
 19747 | D:15     | Killed a stone giant
 20096 | Depths:1 | Noticed a stone giant
 20603 | Depths:1 | Killed a stone giant
 20739 | Depths:1 | Noticed a stone giant
 20879 | Depths:1 | Killed a stone giant
 21698 | Depths:1 | Noticed a stone giant
 22196 | Depths:1 | Noticed a stone giant
 22209 | Depths:1 | Killed a stone giant
 22909 | Depths:1 | Found a gateway to Hell.
 22945 | Depths:1 | Reached XP level 15. HP: 17/79 MP: 2/38
 23728 | Depths:2 | Identified the ring of New Discoveries {rC- MP+9 Int+7 Stlth+}
 23749 | Depths:2 | Noticed a fire giant
 24014 | Depths:2 | Noticed a tengu reaver
 24025 | Depths:2 | Killed a tengu reaver
 24025 | Depths:2 | Reached skill level 10 in Fighting
 24182 | Depths:2 | Noticed a fire giant
 24196 | Depths:2 | Killed a fire giant
 24452 | Depths:2 | Noticed a tentacled monstrosity
 24452 | Depths:2 | Noticed a tentacled monstrosity
 24882 | Depths:2 | Noticed a frost giant
 25062 | Depths:1 | Killed a frost giant
 25091 | Depths:2 | Killed a fire giant
 25325 | Depths:1 | Killed a tentacled monstrosity
 25666 | Depths:2 | Noticed a tentacled monstrosity
 25708 | Depths:1 | Killed a tentacled monstrosity
 25861 | Depths:2 | Noticed a frost giant
 25876 | Depths:2 | Killed a frost giant
 25878 | Depths:2 | Got the war axe "Gecee" {freeze, Str+3 Int+3}
 25898 | Depths:2 | Found the +9 heavy crossbow "Sniper" {velocity, Acc+∞ SInv}
 25953 | Depths:2 | Noticed a tengu reaver
 26388 | Depths:2 | Killed a tengu reaver
 27268 | Depths:2 | Paralysed by a great orb of eyes for 4 turns
 27290 | Depths:2 | Reached XP level 16. HP: 60/90 MP: 3/39
 27590 | Depths:2 | Identified the +5 ring mail "Cefuesk" {MR+ Slay+3 Stlth+}
 28023 | Depths:2 | Killed a tentacled monstrosity
 28901 | Depths:2 | Reached skill level 19 in Spellcasting
 29193 | Depths:3 | Found a one-way gate to the infinite horrors of the Abyss.
 29264 | Depths:3 | Noticed a lich
 29281 | Depths:3 | Killed a lich
 29692 | Depths:3 | Mangled by a spark wasp

Vault maps used:
D:1:      scummos_arrival_checkerplants
D:2:      fedhas_altar_1
D:3:      elyvilon_altar_4, chequers_temple_overflow_minitemple, first_ration,
          gammafunk_ghost_arena, uniq_jessica
D:4:      dk_noncrumbling_4, minmay_misc_feat_square
D:5:      serial_shops, shop, minmay_fountain_box
D:6:      makhleb_blood_cavern_becter, minmay_mini_ossuary
D:7:      grunt_dithmenos_smoke, overflow_temple_1_default,
          minmay_temple_entry_enclosed_plants, grunt_ogre_cave,
          hangedman_decor_slide_cut, minmay_misc_feat_room,
          uniq_crazy_yiuf_cottage, uniq_joseph, uniq_menkaure
D:8:      nicolae_ossuary_entry_ruins
D:9:      serial_shops, shop, nicolae_ashenzari_panopticon
D:10:     minmay_gold_behind_fungi, minmay_evil_grid
D:11:     due_lair_maze_entry_diamond, uniq_fannar
D:12:     orc_0_dummy, serial_glass, glass_columns_b, glass_columns_a,
          spider_trap, kennysheep_path_1, uniq_snorg
D:13:     david_vaults_2, enter_bailey_2, lemuel_mausoleum_altar_kikubaaqudgha,
          uniq_josephine
D:14:     kennysheep_minor_cross, serial_shops, shop, uniq_azrael
D:15:     gammafunk_enter_depths_forms, minmay_misc_feat_roman,
          nicolae_ru_path_of_blood
Temple:   regret_index_temple_generic_petals
Depths:1: grunt_mini_vestibule, serial_bayou, serial_bayou_lake_a,
          serial_bayou_crossing, serial_bayou_lagoon_a, serial_bayou_pond_d,
          serial_bayou_pond_b, serial_bayou_pond_d, kennysheep_dice
Depths:2: minmay_the_grid_octo_triangle, hell_entry, infiniplex_staircase_pool_2
Depths:3: hangedman_stitches_corridor, enter_ziggurat_e, abandoned_shop,
          serial_shops, shop_coins, pan_entry, hell_entry, abyss_entry,
          lemuel_flamethrower_3, uniq_frederick
Ossuary:  ossuary_zaba_two_paths
Bailey:   bailey_axe_bossmonster_kennysheep, bailey

Skill      XL: |  1  2  3  4  5  6  7  8  9 10 11 12 13 14 15 16 |
---------------+-------------------------------------------------+-----
Spellcasting   | 3 4 7 11 12 15 18 19 | 19.1
Earth Magic    | 3 4 6 |  6.1
Transmutations | 3 4 6 |  6.1
Fighting       | 1 2 3 6 9 12 13 | 13.0
Short Blades   | 1 2 4 7 8 |  8.0
Dodging        | 4 5 7 8 14 18 | 18.0
Stealth        | 4 5 8 9 |  9.8
Shields        | 3 4 |  4.6
Translocations | 6 |  6.1

Action                   |  1- 3 |  4- 6 |  7- 9 | 10-12 | 13-15 | 16-18 || total
-------------------------+-------+-------+-------+-------+-------+-------++-------
Melee: Spear             |     7 |       |       |       |       |       ||     7
       Dagger            |       |    69 |   700 |   349 |   375 |    60 ||  1553
 Cast: Sandblast         |    37 |    41 |    12 |    79 |   100 |    12 ||   281
       Petrify           |       |     5 |    34 |    79 |   209 |    42 ||   369
       Passwall          |       |       |    17 |     9 |     2 |     2 ||    30
       Lee's Rapid Decon |       |       |       |    28 |   149 |    11 ||   188
       Call Imp          |       |       |       |    14 |       |       ||    14
       Blink             |       |       |       |     1 |     5 |       ||     6
       Passage of Golubr |       |       |       |     7 |     3 |     7 ||    17
       Force Lance       |       |       |       |       |       |     1 ||     1
Invok: Curse Item        |       |       |     3 |       |     1 |     2 ||     6
  Use: Potion            |       |       |     3 |       |     1 |     1 ||     5
       Scroll            |       |       |    18 |       |     1 |       ||    19
 Stab: Petrified         |       |     8 |    23 |    77 |   189 |    37 ||   334
       Sleeping          |       |     2 |    41 |    30 |     1 |     4 ||    78
       Petrifying        |       |       |    11 |    20 |    17 |     2 ||    50
       Distracted        |       |       |       |       |     1 |       ||     1
  Eat: Ration            |       |     3 |     7 |     3 |     5 |     3 ||    21
Armor: Robe              |     1 |     2 |    44 |    14 |    16 |       ||    77
Dodge: Dodged            |    24 |    86 |   363 |   229 |   362 |    24 ||  1088
Block: Buckler           |       |       |   114 |    88 |   139 |    11 ||   352
       Reflection        |       |       |     1 |    21 |    26 |     1 ||    49

Table legend:
 A = Spawn XP
 B = Non-spawn XP
 C = Spawn XP percentage of total XP
 D = Spawn monster count
 E = Non-spawn monster count
 F = Spawn count percentage of total count
 G = Total turns spent on level
                    A         B        C        D         E        F      G
               +---------+---------+-------+---------+---------+-------+---------
         Total |       0 |  181052 |   0.0 |       0 |     617 |   0.0 | 29692
               +---------+---------+-------+---------+---------+-------+---------
           D:1 |       0 |       5 |   0.0 |       0 |       4 |   0.0 |   405
           D:2 |       0 |      99 |   0.0 |       0 |      21 |   0.0 |  1092
           D:3 |       0 |     354 |   0.0 |       0 |      37 |   0.0 |  1091
           D:4 |       0 |     462 |   0.0 |       0 |      16 |   0.0 |  1261
           D:5 |       0 |     311 |   0.0 |       0 |      11 |   0.0 |   996
           D:6 |       0 |     847 |   0.0 |       0 |      20 |   0.0 |  1471
           D:7 |       0 |    1071 |   0.0 |       0 |      13 |   0.0 |  1084
           D:8 |       0 |     457 |   0.0 |       0 |      12 |   0.0 |   877
           D:9 |       0 |     941 |   0.0 |       0 |      12 |   0.0 |  1103
          D:10 |       0 |    6189 |   0.0 |       0 |      32 |   0.0 |  1442
          D:11 |       0 |    6651 |   0.0 |       0 |      38 |   0.0 |  1031
          D:12 |       0 |    7741 |   0.0 |       0 |      36 |   0.0 |  1043
          D:13 |       0 |   11323 |   0.0 |       0 |      48 |   0.0 |  2110
          D:14 |       0 |    8508 |   0.0 |       0 |      37 |   0.0 |  1292
          D:15 |       0 |   27251 |   0.0 |       0 |      68 |   0.0 |  3347
      Depths:1 |       0 |   48484 |   0.0 |       0 |      69 |   0.0 |  5241
      Depths:2 |       0 |   52385 |   0.0 |       0 |      58 |   0.0 |  2807
      Depths:3 |       0 |    5431 |   0.0 |       0 |       6 |   0.0 |   499
       Ossuary |       0 |     245 |   0.0 |       0 |      52 |   0.0 |   704
        Bailey |       0 |    2297 |   0.0 |       0 |      27 |   0.0 |   562
               +---------+---------+-------+---------+---------+-------+---------
